 Dungeon Crawl Stone Soup version 0.31-a0-1549-g5ff9445e89 (webtiles) character file.

Game seed: 4878939410235125818

3825 dialectric the Changeling (level 9, 0/89 HPs)
             Began as a Troll Shapeshifter on Jan 2, 2024.
             Slain by a troll (13 damage)
             ... on level 9 of the Dungeon.
             The game lasted 00:11:22 (6200 turns).

dialectric the Changeling (Troll Shapeshifter)      Turns: 6200, Time: 00:11:23

Health: 0/89       AC:  4    Str: 28    XL:     9   Next: 97%
Magic:  8/8        EV: 11    Int:  6    God:
Gold:   500        SH:  0    Dex:  9    Spells: 8/8 levels left

rFire   . . .        t - +4 mace
rCold   . . .        (no shield)
rNeg    . . .        a - +0 animal skin
rPois   .            (helmet currently unavailable)
rElec   .            b - melded +2 cloak
rCorr   .            (gloves unavailable)
SInv    .            (boots unavailable)
Will    .....        (no amulet)
Stlth   +            (no ring)
HPRegen 1.14/turn    (no ring)
MPRegen 0.11/turn

%: no passive effects
@: mighty, beast-form
A: beast (slay +4), large, unfitting armour, claws 3, regeneration 1, shaggy fur
1, tough skin 1
a: Begin Untransformation


You were on level 9 of the Dungeon.
You were a hulking beast.
You visited 1 branch of the dungeon, and saw 9 of its levels.
You also visited: Ossuary.

You collected 500 gold pieces.

Inventory:

Hand Weapons
 o - a +0 morningstar
 t - a +4 mace (weapon)
Missiles
 n - 17 poisoned darts (quivered)
 y - 2 throwing nets
Armour
 a - a +0 animal skin (worn)
 b - a +2 cloak (melded)
Talismans
 c - a beast talisman (active)
 d - a flux talisman
Wands
 A - a wand of mindburst (10)
Scrolls
 f - 4 scrolls of teleportation {unknown}
 k - a scroll of fog {unknown}
 l - a scroll of blinking
 m - 2 scrolls of enchant armour {unknown}
 q - a scroll of brand weapon {unknown}
 u - 2 scrolls of revelation {unknown}
 v - a scroll of enchant weapon {unknown}
 w - 2 scrolls of amnesia {unknown}
 x - a scroll of immolation {unknown}
 z - a scroll of fear {unknown}
 B - 2 scrolls of identify
 C - a scroll of noise {unknown}
Potions
 e - a potion of mutation
 g - 4 potions of curing
 h - 2 potions of enlightenment
 i - 4 potions of heal wounds
 j - a potion of haste {unknown}
 r - 2 potions of cancellation {unknown}
 s - 2 potions of brilliance {unknown}


   Skills:
 + Level 6.2 Fighting
 + Level 5.1 Maces & Flails
 * Level 6.7 Dodging
 - Level 3.0 Unarmed Combat
 + Level 7.4 Shapeshifting


You had 8 spell levels left.
You didn't know any spells.
Your spell library contained the following spells:

 Spells                   Type           Power      Damage    Failure   Level
 Apportation              Tloc           0%         N/A       45%         1
 Necrotise                Necr           0%         1d4       45%         1
 Shock                    Conj/Air       0%         1d3       45%         1
 Sting                    Conj/Alch      0%         1d3       45%         1
 Summon Small Mammal      Summ           0%         N/A       45%         1
 Swiftness                Air            0%         N/A       83%         3
 Airstrike                Air            0%         2d(0-16)  99%         4


Dungeon Overview and Level Annotations

Branches:
Dungeon (9/15)             Temple (0/1) D:4         Ossuary (visited)
   Lair: D:8-11         Orc: D:9-12

Altars:
Hepliaklqana
Kikubaaqudgha
Ru
Trog
Uskayaw
Vehumet
Wu Jian

Shops:
D:2 (

Annotations:
D:8 Jeremiah, Maggie


Innate Abilities, Weirdness & Mutations

You are a hulking beast.
Your limbs bulge with bestial killing power. (Slay +4)
You are too large for most types of armour.
You have claws for hands.
Your natural rate of healing is unusually fast.
You are covered in fur. (AC +1)
You have tough skin. (AC +1)


Message History

You thump the two-headed ogre!
The two-headed ogre is lightly wounded.
The two-headed ogre barely misses you. The two-headed ogre closely misses you.
You sock the two-headed ogre!
The two-headed ogre is heavily wounded.
The two-headed ogre hits you with a +0 dire flail!
The two-headed ogre hits you with a +0 giant club.
You bludgeon the two-headed ogre!!
The two-headed ogre is severely wounded.
You hit the two-headed ogre.
The two-headed ogre is almost dead.
The two-headed ogre barely misses you.
The two-headed ogre hits you with a +0 giant club!
You bludgeon the two-headed ogre!!
You kill the two-headed ogre!
Your Maces & Flails skill increases to level 5!
You barely miss the troll. The troll barely misses you. x2
The troll claws you!
You thump the troll!
The troll is moderately wounded.
The troll bites you. The troll claws you. The troll claws you!
You sock the troll!
The troll is severely wounded.
The troll bites you. The troll claws you.
* * * LOW HITPOINT WARNING * * *
The troll claws you!
* * * LOW HITPOINT WARNING * * *
The troll bites you.
* * * LOW HITPOINT WARNING * * *
The troll closely misses you. x2
You feel much better. The troll bites you.
* * * LOW HITPOINT WARNING * * *
The troll closely misses you. The troll claws you!
* * * LOW HITPOINT WARNING * * *
You barely miss the troll.
The troll is severely wounded.
The troll bites you.
* * * LOW HITPOINT WARNING * * *
The troll claws you!
You die...

+.......# #.......#
#.......# ##'######
#.# ###. #.#
....###### ##.#
#.......# #..#
#.......# #h##
#..(...# ##T####
..#......# ###.....#
.........###.'.....#
#......#.T.#.....#
#........###.....#
#...$...### #.....#
#........# ##+####
..####.###


You could see a troll.

Vanquished Creatures
  A two-headed ogre (D:9)
  A steam dragon (D:8)
  A chaos spawn (D:9)
  2 water moccasins (D:6)
  An orc warrior (D:6)
  2 black bears
  2 ice beasts
  3 sky beasts
  2 centaurs
  A kobold brigand (D:7)
  A phantom (D:4)
  A gnoll sergeant (D:8)
  A bullfrog (D:8)
  A scorpion (D:5)
  4 killer bees (D:6)
  3 howler monkeys (D:9)
  6 centaur zombies (Ossuary)
  A bombardier beetle (D:4)
  2 hounds
  Crazy Yiuf (D:7)
  2 orc priests
  3 jellies
  A sleepcap (D:5)
  3 iguanas
  Natasha (twice) (D:2)
  Terence (D:3)
  6 orc wizards
  7 hound zombies (Ossuary)
  2 mummies (Ossuary)
  16 gnolls
  2 adders (D:6)
  2 shadow imps (D:6)
  3 white imps
  3 adder zombies (Ossuary)
  3 dart slugs
  21 orcs
  9 ball pythons
  4 endoplasms
  3 giant cockroaches
  6 gnoll zombies (Ossuary)
  8 goblins
  5 hobgoblins
  2 jackals (D:4)
  12 kobolds
  A quokka (D:1)
  4 bats
  4 frilled lizards
  5 jackal zombies (Ossuary)
  6 kobold zombies (Ossuary)
  3 orc zombies (Ossuary)
  8 rats
194 creatures vanquished.

Notes
Turn   | Place    | Note
-------+----------+-------------------------------------------
     0 | D:1      | dialectric the Troll Shapeshifter began the quest for the
                  | Orb.
     0 | D:1      | Reached XP level 1. HP: 18/18 MP: 0/0
    54 | D:1      | Reached skill level 1 in Fighting
   128 | D:1      | Reached XP level 2. HP: 25/27 MP: 1/1
   708 | D:2      | Reached XP level 3. HP: 32/33 MP: 2/2
   729 | D:2      | Noticed Natasha
   736 | D:2      | Killed Natasha
   800 | D:2      | Found Caast's Weapon Shop.
   886 | D:2      | Noticed Natasha
   893 | D:2      | Killed Natasha
   894 | D:2      | Reached XP level 4. HP: 24/42 MP: 3/3
   912 | D:2      | Found a faded altar of an unknown god.
  1791 | D:3      | Noticed Terence
  1800 | D:3      | Killed Terence
  1807 | D:3      | You fall into a shaft and drop 1 floor!
  1866 | D:4      | Reached XP level 5. HP: 43/50 MP: 4/4
  1913 | D:4      | Found a sand-covered staircase.
  1936 | D:4      | Noticed a phantom
  1951 | D:4      | Killed a phantom
  1952 | D:4      | Reached skill level 4 in Shapeshifting
  1986 | Ossuary  | Entered an ossuary
  2034 | Ossuary  | Reached XP level 6. HP: 59/59 MP: 5/5
  2179 | Ossuary  | Reached XP level 7. HP: 33/67 MP: 6/6
  2188 | Ossuary  | Reached skill level 5 in Shapeshifting
  2443 | D:4      | Found an ancient bone altar of Kikubaaqudgha.
  2511 | D:4      | Found a staircase to the Ecumenical Temple.
  2905 | D:5      | Entered Level 5 of the Dungeon
  2943 | D:5      | Reached skill level 1 in Maces & Flails
  3131 | D:5      | Found a hazy altar of Hepliaklqana.
  3563 | D:6      | Reached XP level 8. HP: 79/79 MP: 7/7
  3710 | D:6      | Found a radiant altar of Vehumet.
  3710 | D:6      | Found a hide-covered altar of Uskayaw.
  4161 | D:6      | Reached skill level 6 in Shapeshifting
  4209 | D:6      | Reached skill level 5 in Dodging
  4279 | D:6      | Reached skill level 5 in Fighting
  4501 | D:7      | Found a bloodstained altar of Trog.
  4700 | D:7      | Reached XP level 9. HP: 88/88 MP: 8/8
  4719 | D:7      | Found an ornate altar of the Wu Jian Council.
  5266 | D:7      | Found a runed translucent door.
  5267 | D:7      | Noticed Crazy Yiuf
  5505 | D:7      | Killed Crazy Yiuf
  5564 | D:8      | Noticed Jeremiah
  5633 | D:8      | Found a sacrificial altar of Ru.
  5650 | D:8      | Reached skill level 7 in Shapeshifting
  6046 | D:8      | Noticed Maggie
  6175 | D:9      | Noticed a two-headed ogre
  6176 | D:9      | Noticed a troll
  6195 | D:9      | Killed a two-headed ogre
  6196 | D:9      | Reached skill level 5 in Maces & Flails
  6200 | D:9      | Slain by a troll

Illustrated notes

Levels and vault maps discovered:
D:1:      zelgadis_glass_arrival_small, layout_basic
D:2:      layout_loops_ring, serial_shops, shop_fountains,
          dreamdust_ecumenical_altar_angels_and_demons, uniq_natasha
D:3:      layout_loops_corners, kennysheep_cross_bottleneck,
          kennysheep_generic_room_9, uniq_terence
D:4:      layout_basic, kiku_gazebo_garden_becter, minmay_temple_entry_arrows,
          enter_ossuary_2
D:5:      layout_rooms, mainiacjoe_overflow_cross_hatched
D:6:      layout_loops_ring, jmf_multi_god_temple
D:7:      layout_rooms, nicolae_wu_jian_wuxing_cycle,
          mainiacjoe_overflow_boulevard, gammafunk_temple_overflow_wave,
          uniq_crazy_yiuf_cottage
D:8:      layout_loops_ring, hangedman_ru_absence, gammafunk_ghost_ooze,
          chequers_serial_rivers_large_b, uniq_jeremiah, uniq_maggie
D:9:      layout_roguey, lemuel_round_altar, serial_demonic, serial_demonic_d,
          serial_demonic_c, serial_demonic_g, serial_demonic_e,
          serial_demonic_b, serial_demonic_d

Skill      XL: |  1  2  3  4  5  6  7  8  9 |
---------------+----------------------------+-----
Fighting       | 1 2 3 4 5 6 |  6.2
Dodging        | 2 3 4 5 6 |  6.7
Shapeshifting  | 4 5 6 7 |  7.4
Maces & Flails | 1 3 5 |  5.1
Unarmed Combat | |  3.0

Action                     |  1- 3 |  4- 6 |  7- 9 || total
---------------------------+-------+-------+-------++-------
  Melee: Unarmed           |    75 |   192 |    23 ||   290
         Punch             |       |     5 |    11 ||    16
         Mace              |       |       |   296 ||   296
  Throw: Dart              |       |       |     2 ||     2
Ability: Begin Untransform |       |       |     1 ||     1
  Evoke: Wand              |       |       |     5 ||     5
    Use: Scroll            |       |       |     8 ||     8
         Potion            |       |       |     6 ||     6
   Stab: Sleeping          |       |     1 |       ||     1
 Armour: Animal skin       |    47 |   155 |   367 ||   569
         Skin              |       |       |    35 ||    35
  Dodge: Dodged            |    33 |    98 |   217 ||   348
   Form: Beast             |       |       |     1 ||     1

Table legend: (Time is in decaauts)
 A = Elapsed time spent in this place.
 B = Non-inter-level travel time spent in this place.
 C = Inter-level travel time spent in this place.
 D = Time resting spent in this place.
 E = Time spent auto-exploring this place.
 F = Levels seen in this place.
 G = Mean time per level.
                   A        B        C        D        E       F      G
               +--------+--------+--------+--------+--------+-----+--------+
         Total |   6271 |   6134 |    137 |    613 |   3830 |  10 |  627.1 |
       Dungeon |   5963 |   5826 |    137 |    613 |   3705 |   9 |  662.6 |
       Ossuary |    307 |    307 |      0 |      0 |    125 |   1 |  307.0 |
               +--------+--------+--------+--------+--------+-----+--------+

Top non-repeatable levels by time:
     D:6: 1280 daAuts
     D:7: 849 daAuts
     D:4: 759 daAuts
     D:1: 662 daAuts
     D:5: 637 daAuts
     D:2: 620 daAuts
     D:3: 554 daAuts
     D:8: 466 daAuts
 Ossuary: 307 daAuts
     D:9: 134 daAuts
